% Time on Ice - BOISE CARIBOUS
Lines # - Real PCT - Wanted PCT - Time Play
Normal Forward
1 - 26% - 29% - 11:16
2 - 25% - 29% - 10:55
3 - 27% - 28% - 11:35
4 - 21% - 14% - 9:11
Normal Defense
1 - 38% - 36% - 16:18
2 - 31% - 33% - 13:12
3 - 28% - 27% - 12:05
4 - 3% - 4% - 1:22
PP Forward
1 - 58% - 55% - 6:25
2 - 42% - 45% - 4:41
PP Defense
1 - 47% - 55% - 5:14
2 - 53% - 45% - 5:52
PK Forward
1 - 64% - 55% - 3:19
2 - 36% - 45% - 1:50
PK Defense
1 - 76% - 55% - 3:54
2 - 24% - 45% - 1:15
PK3 Forward
1 - 0% - 55%
2 - 0% - 45%
PK3 Defense
1 - 0% - 55%
2 - 0% - 45%
44 Forward
1 - 94% - 55% - 0:45
2 - 6% - 45% - 0:03
44 Defense
1 - 94% - 55% - 0:45
2 - 6% - 45% - 0:03
Last Minute Offensive  - 0:00
Last Minute Defensive  - 0:00
Total
Forward - 60:00
Defense - 60:00
% Time on Ice - VANCOUVER VOODOO
Lines # - Real PCT - Wanted PCT - Time Play
Normal Forward
1 - 31% - 31% - 13:12
2 - 29% - 30% - 12:24
3 - 29% - 29% - 12:15
4 - 12% - 10% - 5:06
Normal Defense
1 - 32% - 36% - 13:55
2 - 35% - 33% - 15:06
3 - 32% - 31% - 13:56
4 - 0% - 0% - 0:00
PP Forward
1 - 50% - 50% - 2:36
2 - 50% - 50% - 2:33
PP Defense
1 - 50% - 50% - 2:33
2 - 50% - 50% - 2:36
PK Forward
1 - 70% - 60% - 7:46
2 - 30% - 40% - 3:20
PK Defense
1 - 58% - 58% - 6:26
2 - 42% - 42% - 4:40
PK3 Forward
1 - 0% - 50%
2 - 0% - 50%
PK3 Defense
1 - 0% - 50%
2 - 0% - 50%
44 Forward
1 - 94% - 55% - 0:45
2 - 6% - 45% - 0:03
44 Defense
1 - 94% - 50% - 0:45
2 - 6% - 50% - 0:03
Last Minute Offensive  - 0:00
Last Minute Defensive  - 0:00
Total
Forward - 60:00
Defense - 60:00
Play-by-Play 1st period 0:01 of 1st period - Carl Soderberg wins face-off versus Victor Rask in neutral zone. 0:07 of 1st period - Tom Wilson is hit by Nicolas Hague and loses puck. 0:22 of 1st period - Shot by Tom Wilson. 0:22 of 1st period - Stopped by Braden Holtby without a rebound. 0:23 of 1st period - Radek Faksa wins face-off versus Adam Gaudette in VANCOUVER VOODOO zone. 0:32 of 1st period - Danny DeKeyser is hit by Dominik Kubalik and loses puck. 1:01 of 1st period - Adam Gaudette is hit by Rasmus Andersson and loses puck. 2:12 of 1st period - Shot by Victor Rask. 2:12 of 1st period - Stopped by Jake Allen without a rebound. 2:13 of 1st period - Bryan Little wins face-off versus Carl Soderberg in BOISE CARIBOUS zone. 2:13 of 1st period - Bryan Little is hit by Matt Bartkowski. 2:17 of 1st period - Shot by Bryan Little. 2:17 of 1st period - Shot Blocked by Tom Wilson. 2:19 of 1st period - Shot by Mark Jankowski. 2:19 of 1st period - Shot Misses the Net. 2:21 of 1st period - Shot by Brendan Lemieux. 2:21 of 1st period - Stopped by Jake Allen without a rebound. 2:22 of 1st period - Mario Kempe wins face-off versus Victor Rask in BOISE CARIBOUS zone. 2:37 of 1st period - Shot by Gustav Nyquist. 2:37 of 1st period - Stopped by Jake Allen without a rebound. 2:38 of 1st period - Bryan Little wins face-off versus Tom Wilson in BOISE CARIBOUS zone. 2:45 of 1st period - Shot by Tom Wilson. 2:45 of 1st period - Stopped by Braden Holtby without a rebound. 2:46 of 1st period - Travis Zajac wins face-off versus Carl Soderberg in VANCOUVER VOODOO zone. 2:46 of 1st period - Travis Zajac is hit by Tom Wilson. 2:49 of 1st period - Adam Lowry is hit by Lawson Crouse and loses puck. 3:13 of 1st period - Shot by Travis Zajac. 3:13 of 1st period - Deflect By Nicolas Roy. 3:13 of 1st period - Stopped by Jake Allen without a rebound. 3:14 of 1st period - Adam Gaudette wins face-off versus Theodor Blueger in BOISE CARIBOUS zone. 3:14 of 1st period - Keith Yandle is hit by Rasmus Andersson and loses puck. 3:25 of 1st period - Shot by Paul Byron. 3:25 of 1st period - Deflect By Adam Gaudette. 3:25 of 1st period - Stopped by Jake Allen without a rebound. 3:25 of 1st period - Minor Penalty to Ethan Prow for Delaying the game. 3:26 of 1st period - Radek Faksa wins face-off versus Adam Gaudette in BOISE CARIBOUS zone. 3:26 of 1st period - Radek Faksa is hit by Max Domi. 3:48 of 1st period - Shot by Max Domi. 3:48 of 1st period - Shot Blocked by Matt Bartkowski. 3:50 of 1st period - Shot by Mike Green. 3:50 of 1st period - Shot Misses the Net. 3:52 of 1st period - Shot by Nicolas Hague. 3:52 of 1st period - Shot Blocked by Greg Pateryn. 3:56 of 1st period - Shot by Max Domi. 3:56 of 1st period - Stopped by Jake Allen without a rebound. 3:57 of 1st period - Victor Rask wins face-off versus Theodor Blueger in BOISE CARIBOUS zone. 4:10 of 1st period - Shot by Keith Yandle. 4:10 of 1st period - Stopped by Jake Allen without a rebound. 4:11 of 1st period - Radek Faksa wins face-off versus Victor Rask in BOISE CARIBOUS zone. 4:11 of 1st period - Radek Faksa is hit by Nicolas Roy. 4:36 of 1st period - Minor Penalty to Cameron Gaunce for Tripping. 4:37 of 1st period - Travis Zajac wins face-off versus T.J. Tynan in VANCOUVER VOODOO zone. 4:42 of 1st period - Shot by Travis Zajac. 4:42 of 1st period - Stopped by Jake Allen without a rebound. 4:43 of 1st period - Travis Zajac wins face-off versus T.J. Tynan in BOISE CARIBOUS zone. 5:21 of 1st period - Shot by Travis Zajac. 5:21 of 1st period - Deflect By Paul Byron. 5:21 of 1st period - Stopped by Jake Allen without a rebound. 5:22 of 1st period - Radek Faksa wins face-off versus Bryan Little in BOISE CARIBOUS zone. 5:29 of 1st period - Shot by Tom Wilson. 5:29 of 1st period - Stopped by Braden Holtby without a rebound. 5:30 of 1st period - Travis Zajac wins face-off versus Andre Burakovsky in VANCOUVER VOODOO zone. 6:04 of 1st period - Andre Burakovsky is hit by Adam Lowry and loses puck. 6:29 of 1st period - Shot by Dominik Kubalik. 6:29 of 1st period - Stopped by Braden Holtby without a rebound. 6:30 of 1st period - Travis Zajac wins face-off versus T.J. Tynan in VANCOUVER VOODOO zone. 7:27 of 1st period - Shot by Bryan Little. 7:27 of 1st period - Stopped by Jake Allen without a rebound. 7:28 of 1st period - Radek Faksa wins face-off versus Adam Gaudette in BOISE CARIBOUS zone. 7:28 of 1st period - Radek Faksa is hit by Noel Acciari. 7:48 of 1st period - Radek Faksa is hit by Nicolas Hague and loses puck. 8:05 of 1st period - Shot by Radek Faksa. 8:05 of 1st period - Shot Misses the Net. 8:24 of 1st period - Theodor Blueger is hit by Keith Yandle and loses puck. 8:54 of 1st period - Theodor Blueger is hit by Cameron Gaunce and loses puck. 9:09 of 1st period - Shot by Adam Lowry. 9:09 of 1st period - Stopped by Jake Allen with a rebound. 9:51 of 1st period - Carl Soderberg is hit by Victor Rask and loses puck. 10:01 of 1st period - Icing by Mike Green. 10:02 of 1st period - Victor Rask wins face-off versus Radek Faksa in VANCOUVER VOODOO zone. 10:11 of 1st period - Shot by Gustav Nyquist. 10:11 of 1st period - Shot Misses the Net. 10:30 of 1st period - Andre Burakovsky is hit by Mike Green. 10:35 of 1st period - Minor Penalty to Mike Green for Tripping. 10:36 of 1st period - Travis Zajac wins face-off versus T.J. Tynan in VANCOUVER VOODOO zone. 10:47 of 1st period - Shot by Noel Acciari. 10:47 of 1st period - Shot Misses the Net. 11:56 of 1st period - Shot by John Klingberg. 11:56 of 1st period - Shot Blocked by Keith Yandle. 11:58 of 1st period - Shot by Tom Wilson. 11:58 of 1st period - Stopped by Braden Holtby with a rebound. 12:00 of 1st period - Shot by John Klingberg. 12:00 of 1st period - Shot Blocked by Keith Yandle. 12:10 of 1st period - Shot by Tom Wilson. 12:10 of 1st period - Stopped by Braden Holtby without a rebound. 12:11 of 1st period - Carl Soderberg wins face-off versus Adam Lowry in VANCOUVER VOODOO zone. 12:20 of 1st period - Shot by Carl Soderberg. 12:20 of 1st period - Shot Misses the Net. 12:22 of 1st period - Shot by Andre Burakovsky. 12:22 of 1st period - Shot Blocked by Jarred Tinordi. 12:46 of 1st period - Icing by Danny DeKeyser. 12:47 of 1st period - Victor Rask wins face-off versus Theodor Blueger in VANCOUVER VOODOO zone. 12:47 of 1st period - Max Domi is hit by Theodor Blueger and loses puck. 12:53 of 1st period - Mike Green is hit by Theodor Blueger and loses puck. 13:00 of 1st period - Shot by Max Domi. 13:00 of 1st period - Shot Blocked by John Klingberg. 13:02 of 1st period - Shot by Gustav Nyquist. 13:02 of 1st period - Shot Misses the Net. 13:11 of 1st period - Max Domi is hit by Matt Bartkowski and loses puck. 13:24 of 1st period - Gustav Nyquist is hit by Matt Bartkowski and loses puck. 13:36 of 1st period - John Klingberg is hit by Jarred Tinordi and loses puck. 13:58 of 1st period - Off-side. 13:59 of 1st period - Adam Gaudette wins face-off versus Carl Soderberg in neutral zone. 14:09 of 1st period - Shot by Noel Acciari. 14:09 of 1st period - Shot Misses the Net. 14:11 of 1st period - Shot by Keith Yandle. 14:11 of 1st period - Deflect By Adam Gaudette. 14:11 of 1st period - Shot Misses the Net. 14:51 of 1st period - Icing by Rasmus Andersson. 14:52 of 1st period - Travis Zajac wins face-off versus Carl Soderberg in BOISE CARIBOUS zone. 15:05 of 1st period - Off-side. 15:06 of 1st period - Bryan Little wins face-off versus Radek Faksa in neutral zone. 15:30 of 1st period - Shot by Andre Burakovsky. 15:30 of 1st period - Stopped by Braden Holtby without a rebound. 15:31 of 1st period - Adam Lowry wins face-off versus Mario Kempe in VANCOUVER VOODOO zone. 15:47 of 1st period - Icing by Brendan Smith. 15:48 of 1st period - Mario Kempe wins face-off versus Adam Gaudette in BOISE CARIBOUS zone. 16:34 of 1st period - Zack Smith is hit by Noel Acciari and loses puck. 16:40 of 1st period - Brendan Smith is hit by Nicolas Hague and loses puck. 17:09 of 1st period - Shot by Andre Burakovsky. 17:09 of 1st period - Stopped by Braden Holtby with a rebound. 17:11 of 1st period - Shot by Andre Burakovsky. 17:11 of 1st period - Shot Blocked by Cameron Gaunce. 17:13 of 1st period - Shot by Radek Faksa. 17:13 of 1st period - Stopped by Braden Holtby without a rebound. 17:14 of 1st period - Theodor Blueger wins face-off versus Victor Rask in VANCOUVER VOODOO zone. 17:15 of 1st period - Shot by Oskar Sundqvist. 17:15 of 1st period - Stopped by Braden Holtby without a rebound. 17:16 of 1st period - Victor Rask wins face-off versus Theodor Blueger in VANCOUVER VOODOO zone. 17:16 of 1st period - Victor Rask is hit by Ivan Barbashev. 17:24 of 1st period - Victor Rask is hit by Ivan Barbashev and loses puck. 17:33 of 1st period - Danny DeKeyser is hit by Ivan Barbashev and loses puck. 17:51 of 1st period - Minor Penalty to Matt Bartkowski for Interference. 17:52 of 1st period - Radek Faksa wins face-off versus Victor Rask in BOISE CARIBOUS zone. 18:05 of 1st period - Shot by Nicolas Roy. 18:05 of 1st period - Deflect By Paul Byron. 18:05 of 1st period - Shot Misses the Net. 18:07 of 1st period - Shot by Paul Byron. 18:07 of 1st period - Stopped by Jake Allen with a rebound. 18:09 of 1st period - Shot by Keith Yandle. 18:09 of 1st period - Stopped by Jake Allen with a rebound. 18:36 of 1st period - Shot by Max Domi. 18:36 of 1st period - Stopped by Jake Allen with a rebound. 19:13 of 1st period - Icing by Paul Byron. 19:14 of 1st period - Brendan Lemieux wins face-off versus Theodor Blueger in VANCOUVER VOODOO zone. 19:34 of 1st period - Shot by Nicolas Roy. 19:34 of 1st period - Shot Misses the Net. 19:36 of 1st period - Shot by Nicolas Roy. 19:36 of 1st period - Shot Blocked by Theodor Blueger. 19:46 of 1st period - Adam Gaudette is hit by Tom Wilson and loses puck. Goals for this period are 0 for BOISE CARIBOUS vs 0 for VANCOUVER VOODOO. Shots for this period are 10 for BOISE CARIBOUS vs 14 for VANCOUVER VOODOO. 2nd period 0:01 of 2nd period - Carl Soderberg wins face-off versus Travis Zajac in neutral zone. 0:15 of 2nd period - Carl Soderberg is hit by Cameron Gaunce and loses puck. 0:19 of 2nd period - Icing by Jarred Tinordi. 0:20 of 2nd period - Travis Zajac wins face-off versus Radek Faksa in VANCOUVER VOODOO zone. 0:42 of 2nd period - Off-side. 0:43 of 2nd period - Theodor Blueger wins face-off versus Victor Rask in neutral zone. 1:00 of 2nd period - Shot by Max Domi. 1:00 of 2nd period - Deflect By Gustav Nyquist. 1:00 of 2nd period - Shot Misses the Net. 1:14 of 2nd period - Off-side. 1:15 of 2nd period - Noel Acciari wins face-off versus Carl Soderberg in neutral zone. 1:58 of 2nd period - Shot by Adam Gaudette. 1:58 of 2nd period - Shot Misses the Net. 2:26 of 2nd period - Travis Zajac is hit by Tom Wilson and loses puck. 3:23 of 2nd period - Shot by Gustav Nyquist. 3:23 of 2nd period - Shot Misses the Net. 4:10 of 2nd period - Shot by Ivan Barbashev. 4:10 of 2nd period - Shot Misses the Net. 4:31 of 2nd period - Icing by Mike Green. 4:32 of 2nd period - Bryan Little wins face-off versus Mario Kempe in VANCOUVER VOODOO zone. 4:34 of 2nd period - Icing by Brendan Lemieux. 4:35 of 2nd period - Mario Kempe wins face-off versus Bryan Little in VANCOUVER VOODOO zone. 4:35 of 2nd period - Mario Kempe is hit by Danny DeKeyser. 5:14 of 2nd period - Icing by Zack Smith. 5:15 of 2nd period - Travis Zaja